 Dungeon Crawl Stone Soup version 0.30-a0-210-g01b79a254e (webtiles) character file.

Game seed: 7023552502771450938

1201 Hubris850 the Caller (level 8, -5/57 HPs)
             Began as a Hill Orc Summoner on Oct 4, 2022.
             Was an Initiate of Qazlal.
             Slain by a steam dragon (7 damage)
             ... on level 5 of the Dungeon.
             The game lasted 00:23:50 (6392 turns).

Hubris850 the Caller (Hill Orc Summoner)            Turns: 6392, Time: 00:23:50

Health: -5/57      AC:  7    Str: 11    XL:     8   Next: 44%
Magic:  5/15       EV: 12    Int: 17    God:    Qazlal [......]
Gold:   278        SH:  0    Dex: 11    Spells: 8/17 levels left

rFire   + . .      SeeInvis .    F - +4 club
rCold   . . .      Faith    .    (no shield)
rNeg    . . .      Spirit   .    H - +1 leather armour {rF+}
rPois   .          Reflect  .    r - +0 helmet
rElec   .          Harm     .    (no cloak)
rCorr   .          Rampage  .    x - +1 pair of gloves
Will    .....                    (no boots)
Stlth   ++........               (no amulet)
HPRegen 0.29/turn                (no ring)
MPRegen 0.14/turn                (no ring)

@: studying Maces & Flails
A: no striking features
a: Renounce Religion


You were on level 5 of the Dungeon.
You worshipped Qazlal.
Qazlal was noncommittal.
You visited 2 branches of the dungeon, and saw 7 of its levels.

You collected 278 gold pieces.

Inventory:

Hand Weapons
 b - a +0 morningstar
 f - a +0 dagger
 B - a +2 dire flail of holy wrath
 F - a +4 club (weapon)
Missiles
 y - 5 poisoned darts
Armour
 a - a +0 robe
 j - a +0 buckler
 r - a +0 helmet (worn)
 v - the +1 ring mail of Cupehidd {rElec Will+}
   (You found it on level 3 of the Dungeon)

   rElec:     It insulates you from electricity.
   Will:      It increases your willpower.
 x - a +1 pair of gloves (worn)
 H - a +1 leather armour of fire resistance (worn)
Jewellery
 G - an amulet of guardian spirit
Wands
 l - a wand of polymorph (16)
 q - a wand of flame (14)
 E - a wand of roots (1)
Scrolls
 c - 9 scrolls of identify {unknown}
 d - 2 scrolls of teleportation {unknown}
 g - a scroll of silence {unknown}
 i - 3 scrolls of enchant armour {unknown}
 k - a scroll of fear {unknown}
 p - a scroll of fog {unknown}
 s - a scroll of immolation {unknown}
 w - a scroll of torment {unknown}
 D - a scroll of vulnerability {unknown}
Potions
 e - 2 potions of haste {unknown}
 h - 2 potions of mutation {unknown}
 m - 3 potions of attraction {unknown}
 n - 2 potions of brilliance {unknown}
 o - 3 potions of curing {unknown}
 t - a potion of invisibility {unknown}
 u - 2 potions of lignification {unknown}
 z - a potion of heal wounds {unknown}
 A - a potion of might {unknown}
 C - a potion of berserk rage {unknown}


   Skills:
 - Level 3.7 Dodging
 - Level 2.0 Stealth
 + Level 5.0 Spellcasting
 + Level 7.4 Summonings


You had 8 spell levels left.
You knew the following spells:

 Your Spells              Type           Power      Damage    Failure   Level
a - Summon Small Mammal   Summ           100%       N/A       1%          1
b - Call Canine Familiar  Summ           29%        N/A       2%          3
c - Summon Guardian Gole  Hex/Summ       16%        N/A       12%         3
d - Call Imp              Summ           29%        N/A       1%          2

Your spell library contained the following spells:

 Spells                   Type           Power      Damage    Failure   Level
 Kiss of Death            Conj/Necr      16%        2d6       19%         1
 Sublimation of Blood     Necr           4%         N/A       28%         2
 Wereblood                Tmut           4%         N/A       28%         2
 Summon Lightning Spire   Summ/Air       16%        N/A       38%         4
 Confusing Touch          Hex            4%         N/A       50%         3
 Dazzling Flash           Conj/Hex       8%         N/A       50%         3
 Portal Projectile        Hex/Tloc       8%         N/A       50%         3
 Vhi's Electric Charge    Tloc/Air       8%         N/A       50%         3
 Dispel Undead            Necr           4%         3d7       88%         4
 Iskenderun's Mystic Bla  Conj/Tloc      4%         2d3       88%         4
 Leda's Liquefaction      Hex/Erth       2%         N/A       88%         4
 Arcjolt                  Conj/Air       2%         1d12      99%         5
 Starburst                Conj/Fire      2%         6d3       100%        6
 Summon Hydra             Summ           14%        N/A       100%        7
 Maxwell's Capacitive Co  Air            2%         ∞         100%        8


Dungeon Overview and Level Annotations

Branches:
Dungeon (6/15)             Temple (1/1) D:5

Altars:
Cheibriados
Fedhas
Gozag
Kikubaaqudgha
Qazlal
Vehumet
Xom
Yredelemnul

Annotations:
D:5 exclusion: statue


Message History

Your bat hits the steam dragon but does no damage.
Your rat closely misses the steam dragon.
The steam dragon closely misses your bat.
The steam dragon claws your bat.
Your bat dies!
Your bat's corpse disappears in a puff of smoke!
The steam dragon hisses angrily.
You hit the steam dragon.
The steam dragon is heavily wounded.
Your hound misses the steam dragon.
Your crimson imp hits the steam dragon.
Your rat bites the steam dragon but does no damage.
Your hound barely misses the steam dragon.
The steam dragon breathes steam at your rat.
The ball of steam hits your rat!!
Your rat dies!
Your rat's corpse disappears in a puff of smoke!
Your crimson imp hits the steam dragon but does no damage.
You closely miss the steam dragon.
The steam dragon is severely wounded.
Your hound closely misses the steam dragon.
Your hound completely misses the steam dragon.
The steam dragon bites you.
* * * LOW HITPOINT WARNING * * *
The steam dragon misses you.
Your crimson imp blinks!
You hit the steam dragon but do no damage.
The steam dragon is severely wounded.
Your hound barely misses the steam dragon.
The steam dragon misses you. The steam dragon claws you.
* * * LOW HITPOINT WARNING * * *
Your hound bites the steam dragon but does no damage.
Unknown command.
You hit the steam dragon.
The steam dragon is almost dead.
Your hound bites the steam dragon but does no damage.
The steam dragon barely misses you. The steam dragon claws you.
* * * LOW HITPOINT WARNING * * *
Your hound bites the steam dragon but does no damage.
The steam dragon bites you!
You die...

.......##.#.........#.##.#..#
.......##.#..⌠...⌠..#.......#
.......##.............##.#.######
###########.........#..#........#
##.##.##.##..#..#####.#
#......#.....#..# #.# #####
#......'.#.#.#..# 8.#.. ....#
#....h.#.#...#..# ..#.. #.###
#..5.D@#.#...#..# _.#.. #.#
#......#.#...#..# ..#.. ..#
#......#.#...#..# .)#.. ###
########.#.#.#..#...#..
#.#.#.##.##.##.. #.#......[......
#.###.##+#.###.. #....<.......###
#######......#


You could see a steam dragon (ally target), a friendly hound (summoned) and a
friendly crimson imp (summoned).

Vanquished Creatures
  3 hounds (D:5)
  Natasha (D:2)
  3 orcs
  A ball python (D:2)
  A hobgoblin (D:2)
  2 kobolds (D:3)
  A quokka (D:2)
  A bat (D:1)
  2 rats
15 creatures vanquished.

Vanquished Creatures (collateral kills)
  A scorpion (D:5)
  An orc priest (D:5)
  A hound (D:5)
  A jelly (D:4)
  Jessica (D:3)
  3 iguanas
  Natasha (twice) (D:2)
  An orc wizard (D:5)
  Terence (D:2)
  A nameless horror (D:1)
  3 gnolls (D:3)
  8 adders
  A worm (D:2)
  8 orcs
  12 ball pythons
  A bat (D:3)
  8 endoplasms
  6 goblins
  6 hobgoblins
  3 jackals (D:2)
  2 quokkas
  2 frilled lizards
  5 kobolds
  7 rats
85 creatures vanquished.

Vanquished Creatures (others)
  A wyvern (D:5)
  Edmund (D:5)
  A black bear (D:5)
  2 ogres
  Ijyb (D:5)
  2 orcs
8 creatures vanquished.

Grand Total: 108 creatures vanquished

Notes
Turn   | Place    | Note
-------+----------+-------------------------------------------
     0 | D:1      | Hubris850 the Hill Orc Summoner began the quest for the
                  | Orb.
     0 | D:1      | Reached XP level 1. HP: 14/14 MP: 3/3
   218 | D:1      | Reached XP level 2. HP: 10/20 MP: 0/4
   832 | D:1      | Reached XP level 3. HP: 24/26 MP: 1/5
   836 | D:1      | Learned a level 3 spell: Call Canine Familiar
  1683 | D:2      | Noticed a nameless horror
  1690 | D:2      | Reached XP level 4. HP: 13/33 MP: 0/7
  1748 | D:1      | Killed a nameless horror
  2112 | D:2      | Noticed Natasha
  2132 | D:2      | Killed Natasha
  2233 | D:2      | Noticed Natasha
  2249 | D:2      | Killed Natasha
  2517 | D:2      | Noticed Natasha
  2522 | D:2      | Killed Natasha
  2523 | D:2      | Reached XP level 5. HP: 38/38 MP: 4/8
  2675 | D:2      | Noticed Terence
  2696 | D:2      | Killed Terence
  2704 | D:2      | Learned a level 3 spell: Summon Guardian Golem
  3170 | D:3      | Reached skill level 5 in Summonings
  3316 | D:3      | Noticed Jessica
  3325 | D:3      | Killed Jessica
  3407 | D:3      | Identified the +1 ring mail of Cupehidd {rElec Will+}
  3457 | D:3      | Found a faded altar of an unknown god.
  3465 | D:3      | Reached XP level 6. HP: 40/45 MP: 4/10
  3479 | D:3      | Found a snail-covered altar of Cheibriados.
  3638 | D:3      | Found a faded altar of an unknown god.
  4569 | D:5      | Entered Level 5 of the Dungeon
  4573 | D:5      | Noticed Edmund
  4598 | D:5      | Killed Edmund
  4599 | D:5      | Reached XP level 7. HP: 50/50 MP: 7/12
  4637 | D:5      | Reached skill level 6 in Summonings
  4799 | D:5      | Found a radiant altar of Vehumet.
  4860 | D:5      | Found a staircase to the Ecumenical Temple.
  4870 | D:5      | Noticed Ijyb
  4881 | D:5      | Killed Ijyb
  4943 | Temple   | Entered the Ecumenical Temple
  4964 | Temple   | Became a worshipper of Qazlal Stormbringer
  5384 | D:5      | HP: 2/50 [something/magic dart (7)]
  5567 | D:5      | Learned a level 2 spell: Call Imp
  5760 | D:5      | Reached XP level 8. HP: 57/57 MP: 11/14
  5892 | D:5      | Noticed a wyvern
  5921 | D:5      | Reached skill level 7 in Summonings
  5933 | D:5      | Killed a wyvern
  5934 | D:5      | Reached skill level 5 in Spellcasting
  6392 | D:5      | HP: 2/57 [steam dragon (3)]
  6392 | D:5      | Slain by a steam dragon

Illustrated notes

Levels and vault maps discovered:
D:1:      psy_arrival_conway, layout_basic
D:2:      layout_loops_corners, serial_rivers, chequers_serial_rivers_small_b,
          chequers_serial_rivers_micro_c, chequers_serial_rivers_micro_b,
          chequers_serial_rivers_marsh, uniq_terence, uniq_natasha
D:3:      layout_rooms, nicolae_overflow_ecumenical_swirl,
          hellmonk_ecumenical_altar_run_dry, uniq_jessica
D:4:      layout_loops_cross
D:5:      layout_basic, vehumet_statue, minmay_temple_entry_large_hall,
          serial_curves, eino_curves_01, eino_curves_02,
          minmay_manual_macuahuitl, uniq_edmund, uniq_ijyb
D:6:      layout_gridville, roderic_batcave
Temple:   kb_temple_of_zot

Skill      XL: |  1  2  3  4  5  6  7  8 |
---------------+-------------------------+-----
Stealth        | 2 |  2.0
Dodging        | 2 3 |  3.7
Spellcasting   | 2 3 4 5 |  5.0
Summonings     | 5 6 7 |  7.4

Action                   |  1- 3 |  4- 6 |  7- 9 || total
-------------------------+-------+-------+-------++-------
Melee: Unarmed           |    10 |       |       ||    10
       Dagger            |    19 |    75 |    18 ||   112
       Morningstar       |       |     9 |       ||     9
       Club              |       |       |    51 ||    51
       Punch             |       |       |     2 ||     2
 Cast: Summon Small Mamm |    40 |    12 |     4 ||    56
       Call Canine Famil |     8 |    24 |    19 ||    51
       Summon Guardian G |       |     5 |     7 ||    12
       Call Imp          |       |       |     3 ||     3
  Use: Potion            |       |     1 |       ||     1
 Stab: Sleeping          |       |     1 |       ||     1
       Distracted        |       |       |     1 ||     1
Armor: Robe              |     7 |    29 |    16 ||    52
       Leather armour    |       |       |    13 ||    13
Dodge: Dodged            |    20 |    52 |    73 ||   145
Block: Buckler           |     2 |     5 |       ||     7

Table legend: (Time is in decaauts)
 A = Elapsed time spent in this place.
 B = Non-inter-level travel time spent in this place.
 C = Inter-level travel time spent in this place.
 D = Time resting spent in this place.
 E = Time spent auto-exploring this place.
 F = Levels seen in this place.
 G = Mean time per level.
                   A        B        C        D        E       F      G
               +--------+--------+--------+--------+--------+-----+--------+
         Total |   6428 |   6246 |    182 |   1199 |   3466 |   7 |  918.3 |
       Dungeon |   6386 |   6224 |    162 |   1199 |   3466 |   6 | 1064.3 |
        Temple |     41 |     21 |     20 |      0 |      0 |   1 |   41.0 |
               +--------+--------+--------+--------+--------+-----+--------+

Top non-repeatable levels by time:
     D:5: 1757 daAuts
     D:2: 1707 daAuts
     D:1: 1353 daAuts
     D:4: 777 daAuts
     D:3: 751 daAuts
  Temple: 41 daAuts
     D:6: 38 daAuts
